Map: Nightshade LE

Players

llllllllllll

  • Race: Terran Terran
  • League: Master
  • Spawn Location: 5:00

zuka - Winner!

  • Race: Protoss Protoss
  • League: Master
  • Spawn Location: 11:00

VOD

Have the link to the VOD?

Description

Time

  • Played on: Jan. 14, 2020, 6:09 a.m.
  • Length: 5:44
Show
View Real Time Build Order
Export as new Build Order

llllllllllll Terran 

Build Orders: Reaper Expand 

Get SALT Encoding   

  12  0:01  SCV  
  13  0:13  SCV  
  14  0:17  Supply Depot  
  14  0:25  SCV  
  15  0:38  SCV  
  15  0:40  Barracks  
  16  0:44  Refinery  
  16  0:50  SCV  
  17  1:03  SCV  
  18  1:15  SCV  
  19  1:29  Reaper  
  21  1:35  Orbital Command  
  20  1:43  Command Center  
  20  2:02  SCV  
  20  2:06  Supply Depot  
  21  2:10  Marine  
  21  2:14  SCV  
  23  2:17  Factory  
  23  2:20  Bunker  
  23  2:24  Refinery  
  23  2:27  SCV  
  24  2:39  SCV, Barracks Reactor  
  25  2:51  SCV  
  25  2:55  Orbital Command  
  26  3:02  Widow Mine  
  26  3:03  SCV, Starport  
  29  3:15  SCV  
  29  3:16  Marine x2  
  32  3:23  Supply Depot  
  32  3:28  SCV  
  32  3:29  SCV  
  32  3:32  Widow Mine  
  36  3:40  SCV, Barracks  
  37  3:41  SCV  
  37  3:43  Marine, Supply Depot  
  37  3:45  Marine  
  37  3:46  Engineering Bay  
  40  3:48  Medivac  
  40  3:53  SCV  
  40  3:54  Refinery  
  40  3:55  SCV  
  44  4:04  Marine x2  
  44  4:05  SCV  
  47  4:14  SCV  
  47  4:16  Factory Tech Lab  
  48  4:17  SCV  
  49  4:25  Marine x2  
  49  4:27  SCV  
  52  4:33  SCV  
  52  4:34  Barracks  
  53  4:39  SCV  
  53  4:43  Barracks Tech Lab  
  53  4:45  Raven, SCV, Supply Depot x2  
  55  4:48  Marine x2  
  55  4:51  SCV  
  60  4:53  Factory Reactor  
  60  4:57  SCV  
  61  5:03  SCV  
  59  5:07  Marine x2  
  59  5:08  Marauder  
  59  5:09  SCV  
  59  5:15  SCV  
  56  5:21  SCV  
  56  5:25  Marine x2  
Show
View Real Time Build Order
Export as new Build Order

zuka Protoss - Winner!

Build Orders: 1 Gate Expand 

Get SALT Encoding   

  12  0:00  Probe  
  13  0:13  Probe  
  14  0:18  Pylon  
  14  0:25  Probe (Chrono Boost)  
  15  0:37  Probe (Chrono Boost)  
  15  0:38  Gateway  
  15  0:42  Probe (Chrono Boost)  
  16  0:47  Assimilator  
  17  0:54  Probe (Chrono Boost)  
  18  1:06  Probe (Chrono Boost)  
  19  1:14  Probe (Chrono Boost)  
  20  1:25  Nexus  
  20  1:35  Cybernetics Core  
  20  1:38  Probe  
  21  1:43  Assimilator  
  21  1:50  Probe  
  21  1:53  Pylon  
  22  2:02  Probe  
  23  2:09  Stalker (Chrono Boost)  
  23  2:14  Probe, Warp Gate  
  26  2:26  Probe  
  27  2:32  Stalker  
  29  2:38  Robotics Facility, Probe (Chrono Boost)  
  29  2:42  Probe (Chrono Boost)  
  32  2:54  Probe (Chrono Boost)  
  32  2:56  Probe (Chrono Boost)  
  33  3:01  Probe (Chrono Boost)  
  33  3:03  Probe (Chrono Boost)  
  35  3:06  Gateway  
  35  3:11  Gateway  
  35  3:15  Probe  
  35  3:16  Probe  
  37  3:27  Probe  
  37  3:28  Observer (Chrono Boost), Probe  
  40  3:39  Probe  
  40  3:40  Probe, Warp Prism (Chrono Boost)  
  42  3:43  Pylon  
  44  3:51  Probe  
  44  3:52  Probe  
  44  3:53  Pylon  
  46  4:05  Stalker x2  
  46  4:06  Stalker  
  52  4:10  Probe x2  
  54  4:22  Probe  
  55  4:33  Stalker x3  
  55  4:38  Pylon  
  61  4:46  Nexus  
  61  4:55  Robotics Bay  
  61  4:56  Stalker  
  61  4:57  Stalker  
  65  5:04  Stalker  
  63  5:14  Probe x2  
  63  5:26  Probe x2  
Tags
 
Add a new tag
Caveats
  • Supply blocks, unpowered buildings, or Contaminate may cause inaccurate times.
  • Supply counts are checked every 10 seconds.